 Dungeon Crawl Stone Soup version 0.30-a0-800-g7c544603b3 (webtiles) character file.

Game seed: 10771136836553592553

23 cforsyth the Ducker (level 3, 22/22 HPs)
             Began as a Kobold Gladiator on Feb 21, 2023.
             Quit the game on level 2 of the Dungeon.
             The game lasted 00:01:00 (786 turns).

cforsyth the Ducker (Kobold Gladiator)               Turns: 786, Time: 00:01:01

Health: 22/22      AC:  4    Str: 11    XL:     3   Next: 12%
Magic:  3/3        EV: 15    Int: 11    God:
Gold:   55         SH:  0    Dex: 16    Spells: 2/2 levels left

rFire   . . .      SeeInvis .    a - +0 long sword
rCold   . . .      Faith    .    (no shield)
rNeg    . . .      Spirit   .    b - +0 leather armour
rPois   .          Reflect  .    c - +0 helmet
rElec   .          Harm     .    (no cloak)
rCorr   .          Rampage  .    (no gloves)
Will    .....                    (no boots)
Stlth   +++                      (no amulet)
HPRegen 0.23/turn                (no ring)
MPRegen 0.08/turn                (no ring)

@: no status effects
A: small, no large weapons, nightstalker 3
a: no special abilities


You were on level 2 of the Dungeon.
You visited 1 branch of the dungeon, and saw 2 of its levels.

You collected 55 gold pieces.

Inventory:

Hand Weapons
 a - a +0 long sword (weapon)
Missiles
 e - 2 boomerangs (quivered)
Armour
 b - a +0 leather armour (worn)
 c - a +0 helmet (worn)
Jewellery
 m - a ring of ice
Scrolls
 g - a scroll of blinking {unknown}
 h - a scroll of poison {unknown}
 j - a scroll of teleportation {unknown}
 k - a scroll of magic mapping {unknown}
Potions
 f - a potion of might {unknown}
 i - a potion of heal wounds {unknown}
 l - a potion of lignification {unknown}


   Skills:
 + Level 2.6 Fighting
 + Level 2.6 Long Blades
 - Level 2.1 Throwing
 + Level 4.0 Dodging
 + Level 1.6 Stealth


You had 2 spell levels left.
You didn't know any spells.
Your spell library was empty.

Dungeon Overview and Level Annotations

Branches:
Dungeon (2/15)

Altars:


Innate Abilities, Weirdness & Mutations

You are small and have problems with some larger weapons.
You are completely attuned to the shadows.


Message History

Done exploring.
Done exploring.
Done exploring.
Done exploring.
Done exploring.
Done exploring.
(D) Dungeon
Where to? (? - help)
There is a stone staircase leading down here.
You climb downwards.
Found a mace, 11 gold pieces and a scroll labelled MOIZIN PAXIEW.
There is a stone staircase leading up here.
You now have 55 gold pieces (gained 11).
A goblin comes into view. It is wielding a +0 club.
A goblin is nearby!
A goblin is nearby!
A goblin is nearby!
A goblin is nearby!
You throw a throwing net. The throwing net hits the goblin.
The goblin is caught in the net!
The goblin shouts!
You hear an angry hiss.
An adder comes into view.
You throw a throwing net. The throwing net hits the goblin.
The goblin struggles against the net.
You throw a throwing net. The throwing net hits the goblin.
The goblin struggles against the net.
You slash the adder!
The adder is almost dead.
The adder bites you but does no damage.
The goblin struggles against the net.
The adder closely misses you.
You slash the adder!
You kill the adder!
The goblin struggles against the net.
The net rips apart, and the goblin comes free!
Your Dodging skill increases to level 4!
You have reached level 3!
Your experience leads to an increase in your attributes!
Increase (S)trength, (I)ntelligence, or (D)exterity?
You feel clever. x2
Are you sure you want to abandon this character and quit the game? (Confirm with "yes".)

.... .?
.!.. ...
....
...##†...
...g@..^..
..(#......
.. #......
. #.)....
#.<....
##.....
#.....
#.....
#.....


You could see a goblin.

Vanquished Creatures
  An adder (D:2)
  3 ball pythons (D:1)
  2 bats (D:1)
  2 endoplasms (D:1)
  2 giant cockroaches (D:1)
  A goblin (D:1)
  A quokka (D:1)
  A kobold (D:1)
  A rat (D:1)
14 creatures vanquished.

Notes
Turn   | Place    | Note
-------+----------+-------------------------------------------
     0 | D:1      | cforsyth the Kobold Gladiator began the quest for the Orb.
     0 | D:1      | Reached XP level 1. HP: 12/12 MP: 1/1
   107 | D:1      | Reached XP level 2. HP: 18/18 MP: 2/2
   245 | D:1      | Found a faded altar of an unknown god.
   256 | D:1      | Reached skill level 1 in Stealth
   786 | D:2      | Reached skill level 4 in Dodging
   786 | D:2      | Reached XP level 3. HP: 22/22 MP: 3/3
   786 | D:2      | Quit the game

Illustrated notes

Levels and vault maps discovered:
D:1:      tarquinn_simple_flora_water_e, layout_basic,
          chequers_ecumenical_altar_simple
D:2:      layout_rooms

Skill      XL: |  1  2 |
---------------+-------+-----
Stealth        | 1 |  1.6
Dodging        | 4 |  4.0
Fighting       | |  2.6
Long Blades    | |  2.6
Throwing       | |  2.1

Action                     || total
---------------------------++-------
  Melee: Long sword        ||    43
  Throw: Throwing net      ||     3
   Stab: Sleeping          ||     8
 Armour: Leather armour    ||    12
  Dodge: Dodged            ||    38

Table legend: (Time is in decaauts)
 A = Elapsed time spent in this place.
 B = Non-inter-level travel time spent in this place.
 C = Inter-level travel time spent in this place.
 D = Time resting spent in this place.
 E = Time spent auto-exploring this place.
 F = Levels seen in this place.
 G = Mean time per level.
                   A        B        C        D        E       F      G
               +--------+--------+--------+--------+--------+-----+--------+
         Total |    797 |    795 |      2 |      0 |    677 |   2 |  398.5 |
       Dungeon |    797 |    795 |      2 |      0 |    677 |   2 |  398.5 |
               +--------+--------+--------+--------+--------+-----+--------+

Top non-repeatable levels by time:
     D:1: 782 daAuts
     D:2: 14 daAuts
